 Dungeon Crawl Stone Soup version 0.22.1-1-ga44c0e5 (webtiles) character file.

23 Xifihas the Grasshopper (level 2, -1/25 HPs)
             Began as a Draconian Warper on Sept 28, 2018.
             Slain by a gnoll
             ... wielding a +0 spear
              (9 damage)
             ... on level 2 of the Dungeon.
             The game lasted 00:05:59 (759 turns).

Xifihas the Grasshopper (Draconian Warper)           Turns: 759, Time: 00:06:00

Health: -1/25      AC:  4    Str: 13    XL:     2   Next: 72%
Magic:  0/5        EV: 12    Int: 13    God:
Gold:   30         SH:  0    Dex: 10    Spells: 1/5 levels left

rFire    . . .     SeeInvis .   a - +1 falchion
rCold    . . .     Gourm    .   (no shield)
rNeg     . . .     Faith    .   (armour unavailable)
rPois    .         Spirit   .   (helmet restricted)
rElec    .         Reflect  .   (no cloak)
rCorr    .         Harm     .   (no gloves)
MR       .....                  (no boots)
Stlth    +.........             (no amulet)
HPRegen  0.08/turn              (no ring)
MPRegen  0.09/turn              (no ring)

@: no status effects
A: unfitting armour, cold-blooded, AC +4
a: no special abilities


You were on level 2 of the Dungeon.
You were not hungry.

You visited 1 branch of the dungeon, and saw 2 of its levels.

You collected 30 gold pieces.

Inventory:

Hand Weapons
 a - a +1 falchion (weapon)
Missiles
 d - 5 tomahawks of dispersal
 e - 28 sling bullets
 j - 37 stones (quivered)
 l - 18 arrows
Scrolls
 b - a scroll of remove curse
 c - a scroll of blinking
 g - a scroll of teleportation
Potions
 h - a potion of berserk rage {unknown}
 i - a potion of flight {unknown}
 k - a potion of lignification {unknown}
 n - 2 potions of heal wounds {unknown}
Comestibles
 f - 4 rations


   Skills:
 + Level 2.3 Fighting
 + Level 2.4 Long Blades
 * Level 1.0 Throwing
 + Level 2.5 Dodging
 + Level 2.2 Spellcasting
 + Level 3.0 Translocations


You had one spell level left.
You knew the following spells:

 Your Spells              Type           Power        Failure   Level  Hunger
a - Blink                 Tloc           N/A          11%         2    ###....
b - Shroud of Golubria    Chrm/Tloc      #.........   21%         2    ###....

Your spell library contained the following spells:

 Spells                   Type           Power        Failure   Level  Hunger
 Gell's Gravitas          Tloc           #.........   22%         3    ####...
 Lesser Beckoning         Tloc           #.........   22%         3    ####...
 Teleport Other           Tloc           #.......     22%         3    ####...
 Passage of Golubria      Tloc           N/A          58%         4    #####..


Dungeon Overview and Level Annotations

Branches:
Dungeon (2/15)

Altars:


Innate Abilities, Weirdness & Mutations

Your plain brown scales are hard. (AC +4)
You cannot fit into any form of body armour.
You are cold-blooded and may be slowed by cold attacks.


Message History

A goblin and a kobold come into view.
The goblin shouts!
The kobold shouts!
As you read the scroll labeled EGOID MOURPH, it crumbles to dust.
The creatures around you are filled with an inner flame!
It was a scroll of immolation.
The goblin hits you but does no damage.
As you read the scroll labeled NOTEUC TUCSABBURA, it crumbles to dust.
It is a scroll of enchant weapon.
Your +0 falchion glows red for a moment.
Your shroud unravels.
The goblin closely misses you. The kobold hits you but does no damage.
Casting: Blink (safe; 11% risk of failure)
Confirm with . or Enter, or press ? or * to list all spells.
You blink.
The gnoll misses you.
Casting: Blink (safe; 11% risk of failure)
Confirm with . or Enter, or press ? or * to list all spells.
Okay, then.
You hit the gnoll.
The gnoll is moderately wounded.
The gnoll hits you with a spear!
You die...

#....#
###..#
#...g#
#....#
#....#
#....#
#....#
#....#
#....#
#....#
##'###
#....# #.#
#....#
#g#####K...#
#.@.ggg...##
###########


You could see 3 gnolls, a goblin (inner flame) and a kobold (inner flame).

Vanquished Creatures
  A dart slug (D:1)
  A giant cockroach (D:1)
  2 goblins (D:1)
  4 hobgoblins (D:1)
  5 kobolds (D:1)
  A bat (D:2)
  A frilled lizard (D:1)
  4 rats
19 creatures vanquished.

Vanquished Creatures (others)
  4 toadstools (D:1)
4 creatures vanquished.

Grand Total: 23 creatures vanquished

Notes
Turn   | Place    | Note
-------+----------+-------------------------------------------
     0 | D:1      | Xifihas the Draconian Warper began the quest for the Orb.
     0 | D:1      | Reached XP level 1. HP: 17/17 MP: 3/3
   120 | D:1      | Reached XP level 2. HP: 23/25 MP: 5/5
   307 | D:1      | Reached skill level 1 in Throwing
   698 | D:2      | Learned a level 2 spell: Blink
   701 | D:2      | Learned a level 2 spell: Shroud of Golubria
   759 | D:2      | Slain by a gnoll

Skill      XL: |  1  2 |
---------------+-------+-----
Throwing       | 1 |  1.0
Fighting       | |  2.3
Long Blades    | |  2.4
Dodging        | |  2.5
Spellcasting   | |  2.2
Translocations | |  3.0

Action                   || total
-------------------------++-------
Melee: Falchion          ||    48
       Tailslap          ||     4
Throw: Stone             ||     7
 Cast: Blink             ||     2
       Shroud of Golubri ||     1
  Use: Scroll            ||     4
Armor: Skin              ||    13
Dodge: Dodged            ||    32
       Rpst.: Falchion   ||    12
